Cogmind - Beta 12 @@@ ROGUE MODE // 2023.04.10 @ 02:22:27 Player: jtmusky Result: Destroyed by G-47 Trooper with Particle Gun Performance ------------- Evolutions (0) 0 Regions Visited (1) 200 Robots Destroyed (0) 0 Value Destroyed (0) 0 Prototype IDs (0) 0 Alien Tech Used (0) 0 Bonus (0) 0 TOTAL SCORE: 200 Bonus ------- None Cogmind --------- Core Integrity 0/250 Matter 245/300 Energy 155/350 System Corruption 3% Temperature Cool (15) Movement Treading (160) Location -10/Materials Parts ------- > --- POWER (1) -------- (None) > --- PROPULSION (2) --- Light Treads Light Treads > --- UTILITY (2) ------ High-capacity Battery Power Shielding > --- WEAPON (2) ------- (None) > --- INVENTORY (5) ---- High-capacity Matter Pod (140) High-capacity Matter Pod (0) Peak State ------------ > --- POWER ------------ (None) > --- PROPULSION ------- Light Treads Light Treads > --- UTILITY ---------- High-capacity Battery Power Shielding > --- WEAPON ----------- (None) > --- INVENTORY -------- High-capacity Matter Pod High-capacity Matter Pod [Rating: 4] Favorites ----------- Power None Propulsion Light Treads Treads Light Treads Utility Power Shielding Storage High-capacity Battery Protection Power Shielding Weapon None Build | -11 -10 ------- Run | Jun Mat Slots Evolved . | . . Power . | . . Propulsion . | . . Utility . | . . Weapon . | . . Parts Attached 5 | . 5 Power . | . . Engine . | . . Core . | . . Reactor . | . . Propulsion 2 | . 2 Treads 2 | . 2 Leg . | . . Wheel . | . . Hover . | . . Flight . | . . Utility 3 | . 3 Device . | . . Storage 2 | . 2 Processor . | . . Hackware . | . . Protection 1 | . 1 Artifact . | . . Weapon . | . . Energy Gun . | . . Energy Cannon . | . . Ballistic Gun . | . . Ballistic Cannon . | . . Launcher . | . . Special Weapon . | . . Impact Weapon . | . . Slashing Weapon . | . . Piercing Weapon . | . . Special Melee Weapon . | . . Unidentified Prototypes . | . . Parts Lost . | . . Power . | . . Propulsion . | . . Utility . | . . Weapon . | . . Highest Loss Streak . | . . To Critical Strikes . | . . Average Slot Usage (%) 6 | . 6 Treads 2 | . 2 Storage 2 | . 2 Protection 1 | . 1 Naked Turns 294 | . 294 Heaviest Build 20 | . 20 Greatest Support 40 | 3 40 Greatest Overweight (x) 6 | . 6 Average Overweight (x) . | . . Largest Inventory Capacity 15 | 5 15 Average Capacity 5 | 5 5 Most Carried 3 | . 3 Average Carried 1 | . 1 Final Capacity 5 | 5 5 Final Carried 2 | . 2 Class Distribution -------------------- 100% | Mutant Dominant Class ---------------- Mutant | -10/Materials Resources | -11 -10 ----------- Run | Jun Mat Matter Collected 337 | 133 204 Remotely . | . . Salvage Created . | . . Parts . | . . Haulers Intercepted . | . . Recyclers Shooed . | . . Parts Field Recycled . | . . Retrieved Matter . | . . Parts Self-Destructed . | . . Prevented . | . . Kills | -11 -10 ------- Run | Jun Mat Combat Hostiles Destroyed . | . . Classes Destroyed . | . . Best Kill Streak . | . . Combat Bots Only . | . . Max Kills in Single Turn . | . . Gunslinging . | . . Exploded . | . . Melee . | . . Uniques/NPCs Destroyed . | . . Combat | -11 -10 -------- Run | Jun Mat Damage Taken 357 | 4 353 Core 259 | 4 255 Absorbed by Shields . | . . Core Remaining (%) 98 | 98 . Volleys Fired . | . . Largest . | . . Hottest . | . . Shots Fired . | . . Gun . | . . Cannon . | . . Launcher . | . . Special . | . . Kinetic . | . . Thermal . | . . Explosive . | . . Electromagnetic . | . . Robot Hit Streak . | . . Robot Miss Streak . | . . Penetration Max . | . . Secondary Targets . | . . Shots Hit Robots . | . . Core Hits . | . . Critical Kills . | . . Critical Parts Destroyed . | . . Critical Strikes . | . . Melee Attacks . | . . Impact . | . . Slashing . | . . Piercing . | . . Sneak Attacks . | . . Combat Hostiles . | . . Follow-up Attacks . | . . Damage Inflicted 9 | 9 . Guns . | . . Cannons . | . . Explosions . | . . Melee . | . . Ramming 9 | 9 . Kinetic . | . . Thermal . | . . Explosive . | . . Electromagnetic . | . . Impact . | . . Slashing . | . . Piercing . | . . Highest Corruption 3 | . 3 Average Corruption 2 | . 2 Corruption Purged . | . . Corruption Blocked . | . . Effects 7 | . 7 Message Errors 2 | . 2 Matter Fused 1 | . 1 Data Loss (minor) 4 | . 4 Overload Shots . | . . Overflow Damage . | . . Projectiles . | . . Explosions . | . . Melee . | . . Knockbacks 1 | 1 . Impact 1 | 1 . Kinetic . | . . Secondary . | . . Self-Inflicted Damage 4 | 4 . Shots . | . . Rammed 1 | 1 . Targets Rammed 1 | 1 . Kicked . | . . Crushed . | . . Highest Temperature 2 | . 2 Average Temperature 2 | . 2 Received Heat Transfer 216 | . 216 Siege Activations . | . . Robots Corrupted . | . . Combat Hostiles . | . . Parts Fried . | . . Impact Corruptions . | . . Robots Melted . | . . Combat Hostiles . | . . Parts Melted . | . . Heat Transferred . | . . Parts Sabotaged . | . . Parts Stolen . | . . Parts Stripped . | . . Power Chain Reactions . | . . Missiles Intercepted . | . . Alert | -11 -10 ------- Run | Jun Mat Peak Influence 120 | . 120 Initial . | . . Average 28 | . 31 Maximum Alert Level . | . . Low Security (%) 100 | 100 100 Level 1 . | . . Level 2 . | . . Level 3 . | . . Level 4 . | . . Level 5 . | . . High Security . | . . Max Security . | . . Squads Dispatched 1 | . 1 Investigation . | . . Extermination . | . . Reinforcement 1 | . 1 Assault . | . . Garrison . | . . Intercept . | . . Searches Triggered . | . . Construction Impeded . | . . Haulers Reinforced . | . . Active Scanning Responses . | . . Cargo Convoy Interrupts . | . . Stealth | -11 -10 --------- Run | Jun Mat Distress Signals 1 | . 1 Communications Jammed . | . . Distress Signals . | . . Times Spotted 16 | . 16 Peak Tracking Total 7 | . 7 Tactical Retreats 2 | . 2 Traps | -11 -10 ------- Run | Jun Mat Traps Triggered 2 | . 2 Indirectly . | . . Trap Hack Attempts . | . . Triggered . | . . Disarmed . | . . Reprogrammed . | . . Reused . | . . Traps Extracted . | . . Installed . | . . Triggered . | . . Machines | -11 -10 ---------- Run | Jun Mat Machines Disabled . | . . Max in Single Turn . | . . Machines Repaired . | . . Machines Sabotaged . | . . Overloaded Fab Kills . | . . Hacking | -11 -10 --------- Run | Jun Mat Machines Accessed 2 | . 2 Terminals 2 | . 2 Fabricators . | . . Repair Stations . | . . Recycling Units . | . . Scanalyzers . | . . Garrison Access . | . . Total Hacks 3 | . 3 Successful 1 | . 1 Failed 2 | . 2 Catastrophic . | . . Database Lockouts . | . . Manual . | . . Terminals 3 | . 3 Fabricators . | . . Repair Stations . | . . Recycling Units . | . . Scanalyzers . | . . Garrison Access . | . . Terminal Hacks 1 | . 1 Record 1 | . 1 Fabricator Hacks . | . . Repair Station Hacks . | . . Recycling Unit Hacks . | . . Scanalyzer . | . . Garrison Access Hacks . | . . Unauthorized Hacks . | . . Terminals . | . . Fabricators . | . . Repair Stations . | . . Recycling Units . | . . Scanalyzers . | . . Garrison Access . | . . Data Cores Recovered . | . . Used . | . . Hacking Detections 2 | . 2 Full Trace Events . | . . Feedback Events . | . . Feedback Blocked . | . . Robot Schematics Acquired . | . . Robots Built . | . . Authchips . | . . Time . | . . Total Robot Build Rating . | . . Part Schematics Acquired . | . . Parts Built . | . . Authchips . | . . Time . | . . Total Part Build Rating . | . . Parts Repaired . | . . Time . | . . Parts Recycled . | . . Recycled Matter . | . . Retrieved Matter . | . . Retrieved Components . | . . Parts Scanalyzed . | . . Part Schematics Acquired . | . . Parts Damaged . | . . Bothacking | -11 -10 ------------ Run | Jun Mat Used RIF Installer . | . . Robots Hacked . | . . Non-combat . | . . Combat . | . . Robot Hacks Applied . | . . Relay Couplers Released . | . . Fabnet Peak Effective % . | . . Robots Rewired . | . . Allies Hacked . | . . Hacks Repelled . | . . Allies | -11 -10 -------- Run | Jun Mat Total Allies . | . . Largest Group . | . . Highest-Rated Group . | . . Highest-Rated Ally . | . . Total Orders . | . . Ally Attacks . | . . Total Damage . | . . Kills . | . . Allies Corrupted . | . . Allies Melted . | . . Intel | -11 -10 ------- Run | Jun Mat Robot Analysis Total . | . . Derelict Logs Recovered . | . . Drone Launches . | . . Drone Recoveries . | . . Exploration | -11 -10 ------------- Run | Jun Mat Turns Passed 378 | 34 344 Spaces Moved 566 | 67 499 Core 543 | 67 476 Treads 23 | . 23 Legs . | . . Wheels . | . . Hover . | . . Flight . | . . Fastest Speed 50 | 50 50 Average Speed 55 | 50 55 Slowest Speed 350 | 50 350 Overloaded Moves . | . . Propulsion Burnouts . | . . Robots Hopped . | . . Cave-ins Triggered . | . . Exploration Rate (%) 22 | 3 41 Regions Visited 1 Branch Regions . Pre-discovered Areas . | . . Known Exits Taken . | . . Unknown Exits Taken 1 | 1 . Scrap Searched . | . . Spaces Dug . | . . Terrain Destroyed . | . . Melee . | . . Projectile . | . . AOE . | . . Terrain Rammed . | . . Walls Destroyed . | . . Machines Disabled . | . . Actions | -11 -10 --------- Run | Jun Mat Total 629 | 67 562 Wait 54 | . 54 Move 565 | 66 499 Hop . | . . Pick Up 2 | . 2 Fast Attach 5 | . 5 Attach . | . . Detach 1 | . 1 Swap . | . . Drop 1 | . 1 Fire . | . . Melee . | . . Ram 1 | 1 . Kick . | . . Crush . | . . Escape Stasis . | . . Rewire . | . . Trap . | . . Miscellaneous . | . . Route ------- -11/Junkyard -10/Materials History --------- Turn | Location | Event 4 | -11/Junkyard | Discovered new exit (range 13) 35 | -11/Junkyard | Entered Materials 287 | -10/Materials | Core integrity fell below 50% 302 | -10/Materials | Build established: Mutant 325 | -10/Materials | Core integrity fell below 20% 379 | -10/Materials | Destroyed by G-47 Trooper with Particle Gun Last Messages --------------- that retains the generation efficiency of its standard version but minimizes built-in battery space to reduce weight for certain robot designs, especially those with strict weight restrictions such as hovering and flight-based models. 00188_ System corrupted: Component data lost. 00212_ W-16 Scout sends out distress signal. 00245_ Connecting with Terminal... 00270_ Critical hit (Burn: +37). 00273_ System corrupted: Component data lost. 00308_ Acquired Lrg. Storage Unit. 00315_ System corrupted: Component data lost. 00316_ Dropped Lrg. Storage Unit. 00333_ Acquired Power Shielding. 00335_ Acquired Hcp. Battery. 00337_ 6EE32KT0VV0GMVH HAIW5JRR>Y GU 00339_ Acquired Lgt. Treads. 00357_ O-16 Technician: "IFF HANDSHAKE FAILED. SECURING TERMINAL." 00361_ System corrupted: Matter fused (-5). 00361_ ALERT: Hostiles spotted, dispatching reinforcements to Terminal M005. Map ----- +----------------------------------------------------+ | | | | | | | | | | | | | | | | | | | | | ??????????????????????????????????????????? | | ??????????????????????????????????????????? | | ??????????????????????????????????????????? | | ??????????????????????????????????????????? | | ??????????????????????????????????????????? | | ??????????????????????????????????????????? | | ??????????????????????????????????????????? | | ??????????????????????????????????????????? | | ??????????????????????????????????????????? | | ???????????????#+########?????????????????? | | ???????????????# T #?????????????????? | | ???????????????# #?????????????????? | | ???????????????# #?????????????????? | | ???????????????# #??????????????#??? | | ??????????#o#### ########+### #??? | | ???????# @[[[ g #??? | | ???! /u rw [=[ #??? | | ??? # w [=[ gg | | ???????# #####+########g### k##########? | | ???????# ????? ????# # #?????????? | | ????????????? ?????#!== #? #?????????? | | ???????????? ??????#! #? #?????????? | | ???????????# ???????#! #?? #?????????? | | ???????????#"????????# #?? #?????????? | | ?????????????????????# #??? ""??????? | | ?????????? ??????????##/#####??? "Y" ????? | | ?????????? ???????????# #?????? ????? | | ?????????? #######????# #????? ???? | | ?????????? # #???## ##### // #??? | | ?????????? # ##### // #??? | | ?????????? # #??? | | ?????????? # ##### #??? | | ?????????# # #???# #####+###### #???? | | ?????????# ### ###???# #????????????????? | | ?????????# #?# #?????# #????????????????? | | ?????????# #?# #?????# #????????????????? | | ???####### #?# #?????# #????????????????? | | ???# ### ###???# #????????????????? | | ???# # #???# #????????????????? | | ???# # #???# #????????????????? | +----------------------------------------------------+ Best States ------------- Heat Dissipation 25 Energy Generation 5 Energy Capacity 350 Matter Stores 300 Matter Capacity 300 Sight Range 16 Terrain Scan Density 10 Power Shielding 33 Evasion (%) 50 Recoil Reduction 2 Item Schematics ----------------- None Robot Schematics ------------------ None Fabricated ------------ Nothing Alien Tech Used ----------------- None Achievements -------------- None Challenges ------------ None Game ------ Seed ThiefCentriumProjector Manual? 0 Play Time 00:39:17 Cumulative 4.2 hours Start 2023.03.18 @ 13:29:10 End 2023.04.10 @ 02:22:27 Sessions 10 Manual Loads 0 Difficulty Rogue Special Mode None Game No. 5 Rogue 5 Adventurer 0 Explorer 0 Win Type - Total 0 Types 0/0/0/0/0/0/0/0/0 Lore% 1 Gallery% 6 Achievement% 3 Wizard Run 0 Options --------- ASCII 1 Keyboard 1 Movement Vi Keybinds 0 Fullscreen 2 Font 18/Smallcaps Map View 76x50 Tactical HUD 1 Map Filters NONE Filters NONE Steam 1 RUN: 34d25b99-907c-4b94-a3a7-45e2948d880d